 Dungeon Crawl Stone Soup version 0.29.1-2-gbd0b4ee654 (webtiles) character file.

Game seed: 7560317308127074860

369 Haldmier the Cudgeller (level 6, -4/48 HPs)
             Began as a Demigod Artificer on Nov 30, 2022.
             Slain by Menkaure (22 damage)
             ... on level 4 of the Dungeon.
             The game lasted 00:15:34 (5040 turns).

Haldmier the Cudgeller (Demigod Artificer)          Turns: 5040, Time: 00:15:34

Health: -4/48      AC:  7    Str: 21    XL:     6   Next: 18%
Magic:  8/8        EV: 11    Int: 13    God:
Gold:   277        SH:  0    Dex: 14    Spells: 5/5 levels left

rFire   . . .      SeeInvis .   E - +0 morningstar
rCold   . . .      Faith    .   (no shield)
rNeg    . . .      Spirit   .   x - +1 ring mail
rPois   .          Reflect  .   (no helmet)
rElec   .          Harm     .   y - +0 cloak
rCorr   .          Rampage  .   (no gloves)
Will    .....                   (no boots)
Stlth   +.........              (no amulet)
HPRegen 0.16/turn               (no ring)
MPRegen 0.11/turn               (no ring)

@: no status effects
A: high MP 1, forlorn, divine attributes
a: no special abilities


You were on level 4 of the Dungeon.
You visited 2 branches of the dungeon, and saw 5 of its levels.

You collected 277 gold pieces.

Inventory:

Hand Weapons
 k - a +0 mace
 q - a +2 short sword of venom
 u - a +0 sling
 B - a +0 flail
 E - a +0 morningstar (weapon)
Missiles
 t - 5 stones (quivered)
Armour
 b - a +0 leather armour
 i - a +0 scale mail
 x - a +1 ring mail (worn)
 y - a +0 cloak (worn)
Jewellery
 w - a ring of flight
Wands
 c - a wand of flame (4)
 d - a wand of charming (14)
 e - a wand of iceblast (4)
Scrolls
 a - a scroll of blinking {unknown}
 g - 2 scrolls of enchant armour
 h - a scroll of fear {unknown}
 j - a scroll of vulnerability {unknown}
 r - a scroll of summoning {unknown}
 s - 5 scrolls of teleportation
 v - a scroll of poison {unknown}
 A - a scroll of amnesia {unknown}
 F - a scroll of noise {unknown}
Potions
 f - a potion of cancellation
 l - a potion of flight
 m - 4 potions of heal wounds
 n - 3 potions of mutation
 o - 2 potions of haste
 p - a potion of curing
 z - a potion of attraction
 C - a potion of brilliance {unknown}
 D - a potion of magic {unknown}
 G - a potion of degeneration {unknown}


   Skills:
 + Level 2.0 Fighting
 * Level 4.2 Maces & Flails
 + Level 2.6 Armour
 + Level 2.0 Dodging
 + Level 2.2 Stealth
 - Level 2.6 Evocations


You had 5 spell levels left.
You didn't know any spells.
Your spell library contained the following spells:

 Spells                   Type           Power      Damage    Failure   Level
 Beastly Appendage        Tmut           0%         N/A       45%         1
 Slow                     Hex            0%         N/A       45%         1
 Wereblood                Tmut           0%         N/A       58%         2
 Confusing Touch          Hex            0%         N/A       83%         3
 Spider Form              Tmut/Pois      0%         N/A       83%         3
 Vampiric Draining        Necr           0%         2d6       83%         3
 Anguish                  Hex/Necr       0%         N/A       99%         4
 Enfeeble                 Hex            0%         N/A       100%        7


Dungeon Overview and Level Annotations

Branches:
Dungeon (4/15)             Temple (1/1) D:4

Annotations:
D:4 Menkaure


Innate Abilities, Weirdness & Mutations

You have an increased reservoir of magic. (+10% MP)
You shall have no god before yourself.
Your divine heritage dramatically boosts your attributes as you level up.


Message History

You feel sick.
There is an open translucent door here.
Things that are here:
a +2 quarterstaff of chaos; a +0 cloak; the gnoll corpse of Crazy Yiuf
y - a +0 cloak You feel sick.
You feel sick.
You are no longer poisoned.
You start putting on your armour.
You continue putting on your +0 cloak. x4
You finish putting on your +0 cloak.
You start resting.
HP restored.
You see here a +0 hammer.
There is an open translucent door here.
Things that are here:
a +2 quarterstaff of chaos; the gnoll corpse of Crazy Yiuf You see here a +0 hammer.
You see here a +0 hammer.
G - a fuming dark potion You now have 277 gold pieces (gained 15).
Menkaure opens the door.
Found 8 gold pieces.
Menkaure shouts!
Your +2 short sword of venom stops dripping with poison.
E - a +0 morningstar (weapon)
You hit Menkaure but do no damage. Menkaure hits you!
You hit Menkaure.
Menkaure is lightly damaged.
Menkaure closely misses you.
You hit Menkaure.
Menkaure is heavily damaged.
Menkaure calls on the powers of darkness!
Your body is wracked with pain!
You hit Menkaure but do no damage.
Menkaure is heavily damaged.
Menkaure closely misses you.
You puncture Menkaure!
Menkaure is severely damaged.
Menkaure hits you!!
You die...

## .# .# ######## .#
#......# .# #......#
.# ##......## ##### .#
###........#####......
.####....)......@....#
......########...M...#
...#### ###.###......#
##..########...+
#.####..#
##........#.### #'# .#
########...# .$# .
####.# ..# #....# ..#
####..#####


You could see Menkaure.

Vanquished Creatures
  2 ogres (D:4)
  Crazy Yiuf (D:4)
  An orc priest (D:3)
  4 adders
  A white imp (D:4)
  2 worms (D:2)
  3 dart slugs
  6 orcs
  4 bats
  6 endoplasms
  4 giant cockroaches
  6 goblins
  7 hobgoblins
  2 jackals (D:1)
  5 kobolds
  9 quokkas
  5 ball pythons
  5 frilled lizards
  9 rats
82 creatures vanquished.

Vanquished Creatures (collateral kills)
  A ball python (D:3)
1 creature vanquished.

Vanquished Creatures (others)
  An adder (D:3)
1 creature vanquished.

Grand Total: 84 creatures vanquished

Notes
Turn   | Place    | Note
-------+----------+-------------------------------------------
     0 | D:1      | Haldmier the Demigod Artificer began the quest for the Orb.
     0 | D:1      | Reached XP level 1. HP: 15/15 MP: 3/3
   162 | D:1      | Reached skill level 1 in Maces & Flails
   431 | D:1      | Reached XP level 2. HP: 22/22 MP: 4/4
   760 | D:1      | Reached skill level 2 in Maces & Flails
  1469 | D:1      | Reached XP level 3. HP: 27/27 MP: 5/5
  1801 | D:2      | You fall into a shaft and drop 2 floors!
  1990 | D:4      | Reached skill level 3 in Maces & Flails
  2749 | D:2      | Reached XP level 4. HP: 22/34 MP: 6/6
  3299 | D:2      | Reached skill level 1 in Stealth
  3422 | D:2      | Reached skill level 1 in Fighting
  3681 | D:3      | Reached skill level 1 in Dodging
  4272 | D:3      | Reached XP level 5. HP: 35/40 MP: 7/7
  4395 | D:4      | Noticed an ogre
  4450 | D:4      | Found a staircase to the Ecumenical Temple.
  4457 | Temple   | Entered the Ecumenical Temple
  4714 | D:4      | Killed an ogre
  4715 | D:4      | Reached skill level 4 in Maces & Flails
  4789 | D:4      | Noticed Menkaure
  4865 | D:4      | Noticed an ogre
  4875 | D:4      | Killed an ogre
  4876 | D:4      | Reached XP level 6. HP: 48/48 MP: 8/8
  4912 | D:4      | Found a runed translucent door.
  4913 | D:4      | Noticed Crazy Yiuf
  4922 | D:4      | Killed Crazy Yiuf
  5040 | D:4      | Slain by Menkaure

Illustrated notes

Levels and vault maps discovered:
D:1:      lemuel_arrival_cross, layout_basic,
          chequers_ecumenical_altar_simple_redux
D:2:      layout_basic, minmay_surrounded
D:3:      layout_rooms, st_stairs_3
D:4:      nicolae_cairo_tiling_large, layout_rooms, nemelex_spade_bored_becter,
          minmay_temple_entry_mist, kennysheep_dice, uniq_menkaure,
          uniq_crazy_yiuf_cottage
Temple:   grunt_temple_mini_profane

Skill      XL: |  1  2  3  4  5  6 |
---------------+-------------------+-----
Maces & Flails | 1 2 3 4 |  4.2
Stealth        | 1 2 |  2.2
Fighting       | 1 2 |  2.0
Dodging        | 1 2 |  2.0
Armour         | 2 |  2.6
Evocations     | |  2.6

Action                   |  1- 3 |  4- 6 || total
-------------------------+-------+-------++-------
Melee: Club              |   179 |       ||   179
       Punch             |     2 |     2 ||     4
       Mace              |    26 |    18 ||    44
       Short sword       |       |    96 ||    96
       Morningstar       |       |     5 ||     5
Throw: Stone             |     5 |     5 ||    10
Evoke: Wand              |     7 |     6 ||    13
  Use: Scroll            |       |     9 ||     9
Armor: Leather armour    |    50 |       ||    50
       Scale mail        |    31 |    11 ||    42
       Ring mail         |       |    24 ||    24
Dodge: Dodged            |   133 |    62 ||   195
